 Dungeon Crawl Stone Soup version 0.28.0-43-g3370ac3207 (webtiles) character file.

Game seed: 7021440378314493965

9 adizb the Firebug (level 1, -5/14 HPs)
             Began as a Demigod Fire Elementalist on Mar 4, 2022.
             Slain by an orc priest
             ... wielding a +0 whip
              (6 damage)
             ... on level 1 of the Dungeon.
             The game lasted 00:05:10 (654 turns).

adizb the Firebug (Demigod Fire Elementalist)        Turns: 654, Time: 00:05:10

Health: -5/14      AC:  3    Str:  9    XL:     1   Next: 93%
Magic:  14/14      EV: 12    Int: 17    God:
Gold:   34         SH:  0    Dex: 14    Spells: 2/3 levels left

rFire   . . .      SeeInvis .   (no weapon)
rCold   . . .      Faith    .   (no shield)
rNeg    . . .      Spirit   .   a - +0 robe
rPois   .          Reflect  .   (no helmet)
rElec   .          Harm     .   g - +0 cloak
rCorr   +          Rampage  .   (no gloves)
Will    .....                   (no boots)
Stlth   ++........              (no amulet)
HPRegen 0.04/turn               e - ring of magical power
MPRegen 0.14/turn               h - ring of resist corrosion

@: no status effects
A: high MP 1, forlorn, divine attributes
a: no special abilities


You were on level 1 of the Dungeon.
You visited 1 branch of the dungeon, and saw 2 of its levels.

You collected 34 gold pieces.

Inventory:

Armour
 a - a +0 robe (worn)
 b - a +0 ring mail
 g - a +0 cloak (worn)
Jewellery
 e - a ring of magical power (left hand)
 h - a ring of resist corrosion (right hand)
Scrolls
 c - a scroll of magic mapping
 d - a scroll of torment


   Skills:
 + Level 2.0 Dodging
 - Level 1.7 Stealth
 + Level 1.9 Spellcasting
 - Level 0.8 Conjurations
 * Level 3.0 Fire Magic


You had 2 spell levels left.
You knew the following spells:

 Your Spells              Type           Power      Damage    Failure   Level
a - Foxfire               Conj/Fire      32%        2x1d5     9%          1

Your spell library contained the following spells:

 Spells                   Type           Power      Damage    Failure   Level
 Scorch                   Fire           24%        2d6       9%          2
 Magic Dart               Conj           16%        1d3       14%         1
 Call Imp                 Summ           1%         N/A       30%         2
 Conjure Flame            Conj/Fire      8%         6-21      26%         3
 Inner Flame              Hex/Fire       6%         N/A       30%         3
 Mephitic Cloud           Conj/Pois/Air  2%         N/A       45%         3
 Flame Wave               Conj/Fire      8%         2d5       65%         4


Dungeon Overview and Level Annotations

Branches:
Dungeon (2/15)

Shops:
D:1 [


Innate Abilities, Weirdness & Mutations

You have an increased reservoir of magic. (+10% MP)
You shall have no god before yourself.
Your divine heritage dramatically boosts your attributes as you level up.


Message History

You conjure some foxfire!
The foxfire hits the orc priest.
The orc priest is heavily wounded.
The orc priest hits you with a +0 whip.
You climb upwards.
There is a stone staircase leading down here.
The orc priest hits you with a +0 whip.
You climb downwards.
There is a stone staircase leading up here.
Okay, then.
The orc priest barely misses you.
You climb upwards.
There is a stone staircase leading down here.
As you read the scroll labelled GIZXYD VISHRIGHAU, it crumbles to dust.
Your body is wracked with pain!
The orc priest convulses!
It was a scroll of torment.
The orc priest barely misses you.
As you read the scroll labelled WEOLES LAELL, it crumbles to dust.
You feel aware of your surroundings.
It was a scroll of magic mapping.
The orc priest hits you but does no damage.
Casting: Foxfire (safe; 9% risk of failure)
Press: ? - help, Q - select action Dir - look around, f - activate
Okay, then.
Casting: Foxfire (safe; 9% risk of failure)
Press: ? - help, Q - select action Dir - look around, f - activate Look: an orc priest, wielding a +0 whip (severely wounded)
There is not enough space to conjure foxfire!
Okay, then.
It was a potion of cancellation.
You feel magically purged. The orc priest hits you with a +0 whip.
* * * LOW HITPOINT WARNING * * *
You barely miss the orc priest.
The orc priest is severely wounded.
The orc priest closely misses you.
You hit the orc priest.
The orc priest is severely wounded.
The orc priest barely misses you.
You hit the orc priest but do no damage.
The orc priest is severely wounded.
The orc priest hits you with a +0 whip.
You die...

#....≈≈≈....#
#......≈≈≈..#*
#........≈≈..#
....≈≈....≈≈.# #######
#..≈≈..≈≈≈.### #.....#
#.≈≈...≈...# #.##.##
#......≈...#♣### #.##.#
############...### #.##.#
...........♣∩♣.o@# #.##.#
##...........##### #.##.#
##..........♣# #.##.#
............# #.##.#
............# #.##.#
............# #.##.#
..#########.# #.##.#
.....)...##.# #.##.#
..######.##.########.##.#


You could see an orc priest.

Vanquished Creatures
  2 giant cockroaches (D:1)
  2 goblins (D:1)
  A hobgoblin (D:1)
  2 bats (D:1)
  A frilled lizard (D:1)
  A kobold (D:1)
9 creatures vanquished.

Vanquished Creatures (others)
  27 foxfires
27 creatures vanquished.

Grand Total: 36 creatures vanquished

Notes
Turn   | Place    | Note
-------+----------+-------------------------------------------
     0 | D:1      | adizb the Demigod Fire Elementalist began the quest for the
                  | Orb.
     0 | D:1      | Reached XP level 1. HP: 14/14 MP: 5/5
   127 | D:1      | Noticed a great orb of eyes
   131 | D:1      | Noticed a floating eye
   131 | D:1      | Noticed a great orb of eyes
   131 | D:1      | Noticed a golden eye
   244 | D:1      | Found Sekucown's Armour Shoppe.
   427 | D:1      | Reached skill level 3 in Fire Magic
   634 | D:2      | Noticed an orc priest
   654 | D:1      | Slain by an orc priest

Illustrated notes

Levels and vault maps discovered:
D:1:      eino_arrival_cavern_e, layout_basic, serial_shops, nicolae_shop_trees,
          hellmonk_ecumenical_altar_watching_god, chequers_serial_rivers_small_b
D:2:      layout_basic, serial_shops, shop

Skill      XL: |  1 |
---------------+----+-----
Dodging        | 2 |  2.0
Fire Magic     | 3 |  3.0
Stealth        | |  1.7
Spellcasting   | |  1.9
Conjurations   | |  0.8

Action                   || total
-------------------------++-------
Melee: Unarmed           ||    12
 Cast: Foxfire           ||    17
  Use: Scroll            ||     2
       Potion            ||     1
Armor: Robe              ||    11
Dodge: Dodged            ||    22
